 Dungeon Crawl Stone Soup version 0.24.0-123-gd5b16e6ec5 (webtiles) character file.

Game seed: 2670308300252772064, levelgen mode: deterministic

33308 Elellon the Severer (level 13, -8/117 HPs)
             Began as a Hill Orc Fighter on Jan 20, 2020.
             Was the Champion of Okawaru.
             Engulfed by a cloud of freezing vapour (12 damage)
             ... in an ice cave.
             The game lasted 00:27:20 (14224 turns).

Elellon the Severer (Hill Orc Fighter)             Turns: 14224, Time: 00:27:20

Health: -8/117     AC: 28    Str: 28    XL:     13   Next: 70%
Magic:  0/16       EV: 10    Int:  8    God:    Okawaru [******]
Gold:   1055       SH: 15    Dex: 10    Spells: 12/12 levels left

rFire    . . .     SeeInvis +   G - +1 war axe (drain)
rCold    . . .     Gourm    .   c - +1 shield
rNeg     . . .     Faith    .   a - +0 plate armour
rPois    .         Spirit   +   Q - +2 helmet {SInv}
rElec    .         Reflect  .   S - +2 cloak {MR+}
rCorr    .         Harm     .   d - +0 pair of gloves
MR       +....                  O - +1 pair of boots
Stlth    ..........             D - amulet of guardian spirit
HPRegen  0.29/turn              h - ring of flight
MPRegen  0.15/turn              R - +4 ring of strength

@: heroism
A: no striking features
a: Heroism, Finesse, Renounce Religion, Evoke Flight


You were in an ice cave.
You worshipped Okawaru.
Okawaru was exalted by your worship.
You were not hungry.

You visited 2 branches of the dungeon, and saw 15 of its levels.
You also visited: Sewer and Ice Cave.

You collected 1055 gold pieces.

Inventory:

Hand Weapons
 G - a +1 war axe of draining (weapon)
 K - a +0 broad axe
Missiles
 q - 44 poisoned darts (quivered)
Armour
 a - a +0 plate armour (worn)
 c - a +1 shield (worn)
 d - a +0 pair of gloves (worn)
 O - a +1 pair of boots (worn)
 Q - a +2 helmet of see invisible (worn)
 S - a +2 cloak of magic resistance (worn)
 Z - a +2 ring mail of poison resistance
Jewellery
 h - a ring of flight (left hand)
 i - an uncursed amulet of harm {unknown}
 D - an amulet of guardian spirit (around neck)
 R - a +4 ring of strength (right hand)
Wands
 m - a wand of flame (17)
 o - a wand of acid (26)
 r - a wand of paralysis (22)
 u - a wand of enslavement (2)
 A - a wand of polymorph (15)
 I - a wand of random effects (38)
 L - a wand of digging (4)
 P - a wand of disintegration (13)
 V - a wand of iceblast (8)
Scrolls
 k - 5 scrolls of teleportation
 s - a scroll of noise {unknown}
 w - a scroll of remove curse {unknown}
 y - 2 scrolls of enchant weapon
 B - 4 scrolls of amnesia {unknown}
 E - 2 scrolls of magic mapping {unknown}
 F - a scroll of immolation {unknown}
 H - 2 scrolls of blinking
 J - a scroll of brand weapon {unknown}
 M - a scroll of summoning {unknown}
 T - a scroll of fear {unknown}
 U - a scroll of holy word {unknown}
 Y - a scroll of identify
Potions
 b - 2 potions of brilliance
 e - 2 potions of invisibility
 g - 6 potions of degeneration
 l - a potion of mutation {unknown}
 n - 3 potions of agility
 p - 4 potions of flight
 t - 2 potions of curing
 v - 5 potions of lignification
 x - 2 potions of berserk rage
 z - 3 potions of ambrosia
 C - 2 potions of haste
 N - a potion of resistance
Miscellaneous
 X - a phantom mirror
Comestibles
 f - 43 rations
 W - 18 chunks of flesh


   Skills:
 + Level 11.6(16.6) Fighting
 * Level 19.3(24.3) Axes
 + Level 10.7(15.7) Armour
 + Level 10.7(15.7) Shields
 - Level 5.0 Invocations


You had 12 spell levels left.
You didn't know any spells.
Your spell library contained the following spells:

 Spells                   Type           Power        Failure   Level  Hunger
 Animate Skeleton         Necr           N/A          94%         1    ##.....
 Apportation              Tloc           #.....       94%         1    ##.....
 Beastly Appendage        Tmut           #.....       94%         1    ##.....
 Confusing Touch          Hex            #.....       94%         1    ##.....
 Corona                   Hex            #......      94%         1    ##.....
 Infusion                 Chrm           #...         94%         1    ##.....
 Sandblast                Erth           #.....       94%         1    ##.....
 Shock                    Conj/Air       #...         94%         1    ##.....
 Summon Small Mammal      Summ           #...         94%         1    ##.....
 Call Imp                 Summ           #.......     98%         2    ###....
 Ensorcelled Hibernation  Hex/Ice        #.....       98%         2    ###....
 Passwall                 Tmut/Erth      #.......     98%         2    ###....
 Shroud of Golubria       Chrm/Tloc      #.....       98%         2    ###....
 Slow                     Hex            #.......     98%         2    ###....
 Song of Slaying          Chrm           #.......     98%         2    ###....
 Sticks to Snakes         Tmut           #.......     98%         2    ###....
 Swiftness                Chrm/Air       #.......     98%         2    ###....
 Call Canine Familiar     Summ           #.......     100%        3    ####...
 Confuse                  Hex            #.......     100%        3    ####...
 Dazzling Spray           Conj/Hex       #.....       100%        3    ####...
 Gell's Gravitas          Tloc           #.........   100%        3    ####...
 Inner Flame              Hex/Fire       #.......     100%        3    ####...
 Portal Projectile        Hex/Tloc       #.....       100%        3    ####...
 Regeneration             Chrm/Necr      #.........   100%        3    ####...
 Spectral Weapon          Hex/Chrm       #.......     100%        3    ####...
 Spider Form              Tmut/Pois      #.........   100%        3    ####...
 Stone Arrow              Conj/Erth      #.....       100%        3    ####...
 Summon Guardian Golem    Hex/Summ       #.......     100%        3    ####...
 Tukima's Dance           Hex            #.......     100%        3    ####...
 Cause Fear               Hex            #.........   100%        4    #####..
 Fulminant Prism          Conj/Hex       #.........   100%        4    #####..
 Ice Form                 Ice/Tmut       #.......     100%        4    #####..
 Leda's Liquefaction      Hex/Erth       #.........   100%        4    #####..
 Petrify                  Tmut/Erth      #.......     100%        4    #####..
 Summon Ice Beast         Ice/Summ       #.......     100%        4    #####..
 Summon Lightning Spire   Summ/Air       #.......     100%        4    #####..
 Blade Hands              Tmut           #.........   100%        5    ######.
 Irradiate                Conj/Tmut      #.........   100%        5    ######.
 Lee's Rapid Deconstruct  Erth           #.........   100%        5    ######.
 Metabolic Englaciation   Hex/Ice        #.........   100%        5    ######.
 Yara's Violent Unravell  Hex/Tmut       #.........   100%        5    ######.


Dungeon Overview and Level Annotations

Branches:
Dungeon (14/15)            Temple (1/1) D:4            Lair (0/6) D:8
    Orc (0/2) D:12         Vaults (0/5) D:13          Sewer (visited)
  IceCv (1/1)

Altars:
Ashenzari
Cheibriados
Dithmenos
Elyvilon
Fedhas
Gozag
Hepliaklqana
Kikubaaqudgha
Makhleb
Nemelex Xobeh
Okawaru
Qazlal
Ru
Sif Muna
Trog
Uskayaw
Vehumet
Wu Jian
Xom
Yredelemnul
Zin
The Shining One
Beogh

Shops:
D:6 *

Annotations:
D:12 1 runed translucent door, Chiseanne's ghost, journeyman SpHu


Message History

The ice encasing you melts away.
As you read the scroll of teleportation, it crumbles to dust.
You feel strangely unstable. You block the polar bear's attack. x2
The polar bear claws you but does no damage.
You slash the polar bear!
The polar bear is lightly wounded.
The polar bear bites you but does no damage.
The polar bear claws you but does no damage.
The polar bear claws you.
* * * LOW HITPOINT WARNING * * *
Some of the chunks of flesh in your inventory have rotted away.
You hit the polar bear but do no damage.
You drain the polar bear.
The polar bear is moderately wounded.
You slice the polar bear!! You drain the polar bear.
The polar bear is almost dead.
Your surroundings suddenly seem different.
You start resting.
You are engulfed in freezing vapours.
You die...

##÷÷###.#∩#
#...####### ###
##..## ##.## ##.##
##..###.(.# ###...##
##......##
#.#.#..###
#....#..###...##.†#.
##.####.#..#.###.#..
#######.#.#.## ##...
##.##@##..# #.##
##.# ##.##☼§○..##
#..# #.#
#°#§§○§☼.##.##.##
### #..#☼○#### #.#.#
#. #.##☼## ###...#
#### #.#### #.#.÷##
##.## ##.# ##.÷.##
#...# #.## #..÷##
##.... #..## ##.###
#...#÷


There were no monsters in sight!

Vanquished Creatures
  A frost giant (IceCv)
  An ironheart preserver (D:13)
  Nessos (D:12)
  Azrael (D:12)
  A centaur warrior (D:11)
  3 two-headed ogres
  2 death yaks (IceCv)
  An unseen horror (D:12)
  An orc knight (D:11)
  2 manticores
  A deep elf mage (D:14)
  2 ugly things (D:12)
  Psyche (D:10)
  3 gargoyles
  An efreet (D:13)
  2 komodo dragons
  A rime drake (IceCv)
  3 trolls
  A tengu conjurer (D:11)
  A hornet (D:12)
  10 polar bears (IceCv)
  7 hippogriffs
  20 yaks
  3 wyverns
  3 fire elementals (D:12)
  A basilisk (D:13)
  2 hungry ghosts
  A steam dragon (D:12)
  2 water moccasins
  4 hell hounds (D:12)
  2 soldier ants (D:13)
  15 orc warriors
  Purgy (Sewer)
  11 ice beasts
  4 phantoms
  6 sky beasts
  An eye of draining (D:11)
  3 black bears
  A necrophage (D:8)
  4 centaurs
  8 ogres
  13 wolves (IceCv)
  A crocodile (D:8)
  5 big kobolds
  4 bullfrogs
  A wyvern zombie (D:13)
  6 scorpions
  5 killer bees (D:8)
  4 wights (D:11)
  7 howler monkeys
  5 crimson imps
  2 bullfrog zombies
  4 centaur zombies
  4 hounds
  4 jellies
  2 bullfrog skeletons (D:12)
  3 centaur skeletons
  13 orc priests
  19 orc wizards
  Ijyb (D:3)
  Jessica (D:3)
  Natasha (D:2)
  2 iguanas
  12 worker ants
  3 worker ant zombies
  A howler monkey zombie (D:5)
  14 adders
  9 shadow imps
  3 oozes
  2 adder zombies (D:7)
  An adder skeleton (D:6)
  5 worms
  A dart slug (D:3)
  5 leopard geckos
  93 orcs
  A ball python (D:4)
  3 bats
  7 giant cockroaches
  8 goblins
  10 hobgoblins
  7 jackals
  5 quokkas
  7 frilled lizards
  33 kobolds
  A leopard gecko zombie (D:7)
  10 rats
487 creatures vanquished.

Vanquished Creatures (others)
  A polar bear (IceCv)
  A wolf (IceCv)
  A quokka (D:7)
3 creatures vanquished.

Grand Total: 490 creatures vanquished

Notes
Turn   | Place    | Note
-------+----------+-------------------------------------------
     0 | D:1      | Elellon the Hill Orc Fighter began the quest for the Orb.
     0 | D:1      | Reached XP level 1. HP: 19/19 MP: 1/1
    78 | D:1      | Reached skill level 3 in Axes
   162 | D:1      | Reached XP level 2. HP: 25/26 MP: 2/2
   326 | D:1      | Reached skill level 4 in Axes
   621 | D:1      | Reached XP level 3. HP: 30/31 MP: 3/3
   995 | D:2      | Reached skill level 5 in Axes
  1234 | D:2      | Found a glowing golden altar of the Shining One.
  1236 | D:2      | Noticed an angel
  1296 | D:2      | Noticed Natasha
  1314 | D:2      | Killed Natasha
  1314 | D:2      | Reached XP level 4. HP: 15/39 MP: 4/4
  1552 | D:2      | Reached skill level 6 in Axes
  1602 | D:2      | Found a basalt altar of Yredelemnul.
  1604 | D:2      | Noticed a profane servitor
  1655 | D:3      | Found a sparkling altar of Nemelex Xobeh.
  1727 | D:3      | Noticed Jessica
  1735 | D:3      | Killed Jessica
  1736 | D:3      | Reached XP level 5. HP: 39/45 MP: 5/5
  1790 | D:3      | Found a glowing drain.
  1805 | Sewer    | Entered a sewer
  1888 | Sewer    | Noticed Purgy
  1906 | Sewer    | Killed Purgy
  1906 | Sewer    | Reached skill level 8 in Axes
  1906 | Sewer    | Reached XP level 6. HP: 32/51 MP: 6/6
  2544 | D:3      | Found a blossoming altar of Fedhas.
  2606 | D:3      | Noticed Ijyb
  2632 | D:3      | Killed Ijyb
  3368 | D:3      | Found a snail-covered altar of Cheibriados.
  3390 | D:3      | Reached skill level 9 in Axes
  3563 | D:3      | Reached XP level 7. HP: 30/57 MP: 7/7
  4172 | D:4      | Found a staircase to the Ecumenical Temple.
  4185 | Temple   | Entered the Ecumenical Temple
  4249 | Temple   | Became a worshipper of Warmaster Okawaru
  4303 | D:4      | Reached skill level 10 in Axes
  4571 | D:4      | Found a shadowy altar of Dithmenos.
  4571 | D:4      | Found a shimmering altar of Xom.
  4602 | D:5      | Entered Level 5 of the Dungeon
  4855 | D:5      | Reached * piety under Okawaru
  4855 | D:5      | Reached skill level 11 in Axes
  5244 | D:5      | Reached XP level 8. HP: 64/64 MP: 8/8
  5376 | D:6      | Reached skill level 12 in Axes
  5640 | D:6      | Found Tiprar's Mass Market.
  5654 | D:6      | Reached skill level 1 in Invocations
  6067 | D:6      | Reached ** piety under Okawaru
  6109 | D:6      | Reached XP level 9. HP: 31/72 MP: 7/11
  6320 | D:7      | Reached skill level 13 in Axes
  6400 | D:7      | Reached skill level 5 in Fighting
  6516 | D:7      | Reached *** piety under Okawaru
  6798 | D:7      | Reached skill level 5 in Armour
  6822 | D:7      | Found a white marble altar of Elyvilon.
  6887 | D:8      | Reached skill level 5 in Shields
  6964 | D:8      | Reached **** piety under Okawaru
  6964 | D:8      | Reached skill level 5 in Invocations
  6968 | D:8      | Found a staircase to the Lair.
  6975 | D:8      | Reached XP level 10. HP: 79/83 MP: 13/13
  6988 | D:8      | Reached skill level 14 in Axes
  8068 | D:8      | Reached ***** piety under Okawaru
  8246 | D:9      | Found a sacrificial altar of Ru.
  8577 | D:9      | Reached skill level 15 in Axes
  8733 | D:9      | Found a radiant altar of Vehumet.
  8785 | D:9      | Found a roughly hewn altar of Beogh.
  9052 | D:10     | Entered Level 10 of the Dungeon
  9126 | D:10     | Reached XP level 11. HP: 80/94 MP: 9/14
  9304 | D:10     | Noticed Psyche
  9315 | D:10     | Killed Psyche
  9512 | D:10     | Received a gift from Okawaru
  9798 | D:10     | You fall into a shaft and drop 3 floors!
  9808 | D:13     | Reached skill level 16 in Axes
  9939 | D:13     | Found a gate to the Vaults.
  9939 | D:13     | Noticed an ironheart preserver
  9955 | D:13     | Killed an ironheart preserver
  9986 | D:13     | Noticed a two-headed ogre
  9996 | D:13     | Killed a two-headed ogre
 10518 | D:12     | Found a staircase to the Orcish Mines.
 10518 | D:12     | Noticed Nessos
 10536 | D:12     | Reached XP level 12. HP: 36/104 MP: 6/15
 10552 | D:12     | Killed Nessos
 10552 | D:12     | Received a gift from Okawaru
 10552 | D:12     | Reached skill level 17 in Axes
 10924 | D:12     | Found a runed translucent door.
 10925 | D:12     | Noticed Chiseanne's ghost (journeyman SpHu)
 10938 | D:12     | Noticed a two-headed ogre
 10949 | D:12     | Killed a two-headed ogre
 11226 | D:12     | Reached skill level 10 in Fighting
 11410 | D:12     | Found a shattered altar of Ashenzari.
 11776 | D:11     | Noticed a centaur warrior
 11789 | D:11     | Killed a centaur warrior
 11789 | D:11     | Reached ****** piety under Okawaru
 11916 | D:11     | Found a runed translucent door.
 12280 | D:11     | Noticed a two-headed ogre
 12291 | D:11     | Killed a two-headed ogre
 12291 | D:11     | Received a gift from Okawaru
 12291 | D:11     | Reached skill level 18 in Axes
 12440 | D:11     | Found a roughly hewn altar of Beogh.
 12720 | D:12     | Noticed Azrael
 12741 | D:12     | Killed Azrael
 12741 | D:12     | Reached XP level 13. HP: 63/115 MP: 9/16
 13045 | D:12     | Reached skill level 10 in Shields
 13049 | D:12     | Found a roughly hewn altar of Beogh.
 13056 | D:12     | Reached skill level 10 in Armour
 13276 | D:13     | Identified Lun Faol's Disquisition on Lethal Flight
 13753 | D:14     | Found a frozen archway.
 13786 | IceCv    | Entered an ice cave
 14004 | IceCv    | Reached skill level 19 in Axes
 14118 | IceCv    | Received a gift from Okawaru
 14173 | IceCv    | Noticed a frost giant
 14202 | IceCv    | Killed a frost giant
 14208 | IceCv    | HP: 4/116 [rime drake/flash freeze (17)]
 14213 | IceCv    | HP: 5/117 [polar bear (8)]
 14216 | IceCv    | HP: 2/117 [polar bear (3)]
 14224 | IceCv    | Engulfed by a cloud of freezing vapour

Levels and vault maps discovered:
D:1:      zaba_arrival_water, layout_basic
D:2:      layout_rooms, grunt_temple_overflow_holy_war, first_ration,
          uniq_natasha
D:3:      cheibrodos_thug_alley, layout_basic, nicolae_overflow_hidden_temple,
          kennysheep_slug_shrine, fedhas_ov_isle_minmay,
          lightli_sewer_entry_pipes, minmay_misc_feat_roman, grunt_ministairs_1,
          uniq_ijyb, uniq_jessica
D:4:      layout_basic, amethyst_overflow_temple_binary,
          minmay_temple_entry_offerings
D:5:      layout_basic
D:6:      layout_cave_pools, amethyst_killhole, minmay_shop_mass
D:7:      layout_cave_pools, elyvilon_altar_4
D:8:      layout_loops_ring, lair_entry_dummy
D:9:      layout_roguey [special_room_orc], old_standard_altar,
          overflow_temple_1_default
D:10:     layout_roguey, uniq_psyche
D:11:     layout_basic, grunt_tengu_nest, st_stairs_8, lightli_church_of_beogh
D:12:     kennysheep_blocky_room, layout_loops_corners, david_orc_3,
          basic_altar, special_room [special_room_orc],
          ebering_ghost_reflecting_pool, uniq_azrael, uniq_nessos
D:13:     layout_small_grid, skrybe_vaults_entry_preservation
D:14:     kennysheep_windowed_halls, layout_basic, kennysheep_cluttered_room,
          portal_ice_cave_entry_ice_beasts
Temple:   nicolae_temple_x_marks_the_god
IceCv:    ice_cave_caverns_03

Skill      XL: |  1  2  3  4  5  6  7  8  9 10 11 12 13 |
---------------+----------------------------------------+-----
Axes           | 3 4 5 6 8 9 11 12 13 15 16 18 19 | 19.3
Invocations    | 3 5 |  5.0
Fighting       | 4 6 7 9 10 11 | 11.6
Armour         | 4 5 7 8 9 10 | 10.7
Shields        | 4 5 7 8 9 10 | 10.7

Action                   |  1- 3 |  4- 6 |  7- 9 | 10-12 | 13-15 || total
-------------------------+-------+-------+-------+-------+-------++-------
Melee: War axe           |   147 |   211 |   295 |   782 |   294 ||  1729
Invok: Heroism           |       |       |     1 |     5 |     3 ||     9
  Use: Scroll            |       |       |     8 |     2 |    11 ||    21
       Potion            |       |       |       |     6 |     3 ||     9
  Eat: Chunk             |     2 |     7 |     7 |    18 |     5 ||    39
       Ration            |       |       |     2 |     1 |       ||     3
Armor: Scale mail        |    59 |       |       |       |       ||    59
       Chain mail        |       |   138 |    49 |       |       ||   187
       Plate armour      |       |       |    80 |   299 |   127 ||   506
Dodge: Dodged            |    43 |    51 |    30 |   110 |    44 ||   278
Block: Shield            |    60 |   118 |   131 |   375 |   156 ||   840
